 Dungeon Crawl Stone Soup version 0.30-a0-924-g0ad0bf95bc (webtiles) character file.

Game seed: 17562234494738124288

1408352 Flugkiller the Pyromancer (level 24, 112/112 HPs)
             Began as a Felid Venom Mage on Mar 22, 2023.
             Was the Champion of Vehumet.
             Escaped with the Orb
             ... and 3 runes on Mar 23, 2023!
             The game lasted 02:36:09 (89209 turns).

Flugkiller the Pyromancer (Felid Venom Mage)       Turns: 89209, Time: 02:36:10

Health: 112/112    AC:  3    Str: 18    XL:     24   Next: 4%
Magic:  28/46      EV: 31    Int: 26    God:    Vehumet [******]
Gold:   3221       SH:  0    Dex: 21    Spells: 1/59 levels left
                                        Lives:  1   Deaths: 2

rFire   + + +      SeeInvis +    (weapon unavailable)
rCold   + . .      Faith    .    (shield unavailable)
rNeg    + + .      Spirit   .    (body armour unavailable)
rPois   +          Reflect  .    (helmet unavailable)
rElec   .          Rampage  +    (cloak unavailable)
rCorr   .          Rage     3%   (gloves unavailable)
Will    +++++                    (boots unavailable)
Stlth   ++                       x - amulet "Rain Ylo" {Acrobat Rampage rPois}
HPRegen 0.38/turn                S - ring "Pydivoro" {rF++ Will++ Str+6 Dex-2}
MPRegen 0.30/turn                b - ring of the Cicada {rN++ Str+9 Int+6 Dex-2}

@: quick
A: very small, claws 1, fangs 3, see invisible, speed 1, shaggy fur 3, stealthy
paws, no weapons or thrown items, no armour, multi-lived, thin skeletal
structure 1, agile 1, berserk 1, dopey 2, fire resistance 1, MP-powered wands
0: Orb of Zot
}: 3/15 runes: decaying, serpentine, slimy
a: Renounce Religion


You escaped.
You worshipped Vehumet.
Vehumet was exalted by your worship.
You visited 10 branches of the dungeon, and saw 49 of its levels.
You also visited: Bailey, Gauntlet, Volcano and Desolation.

You collected 6186 gold pieces.
You spent 2965 gold pieces at shops.

Inventory:

Jewellery
 b - the ring of the Cicada (right paw) {rN++ Str+9 Int+6 Dex-2}
   (You found it on level 7 of the Dungeon)

   [ring of intelligence]

   Str:       It affects your strength (+9).
   Int:       It affects your intelligence (+6).
   Dex:       It affects your dexterity (-2).
   rN:        It greatly protects you from negative energy.
 f - a ring of protection from fire
   (You found it on level 1 of the Depths)
 p - a ring of protection from cold
   (You found it in the Desolation of Salt)
 x - the amulet "Rain Ylo" (around neck) {Acrobat Rampage rPois}
   (You took it off a wight on level 7 of the Dungeon)

   [amulet of the acrobat]

   It increases your evasion while moving and waiting.
   rPois:     It protects you from poison.
   Rampage:   It bestows one free step when moving towards enemies.
 H - a +6 ring of dexterity
   (You found it on level 2 of the Dungeon)
 O - a +6 ring of intelligence
   (You found it on level 2 of the Swamp)
 Q - the ring "Ohum" {rPois EV+5}
   (You found it in a Gauntlet)

   [ring of evasion]

   EV:        It affects your evasion (+5).
   rPois:     It protects you from poison.
 S - the ring "Pydivoro" (left paw) {rF++ Will++ Str+6 Dex-2}
   (You found it in the Desolation of Salt)

   [ring of strength]

   Str:       It affects your strength (+6).
   Dex:       It affects your dexterity (-2).
   rF:        It greatly protects you from fire.
   Will:      It greatly increases your willpower.
 X - the ring "Beziha" {Wiz Dex+3}
   (You found it in the Desolation of Salt)

   [ring of wizardry]

   It improves your spell success rate.
   Dex:       It affects your dexterity (+3).
Wands
 e - a wand of digging (9)
   (You found it on level 2 of the Swamp)
 k - a wand of flame (44)
   (You found it on level 2 of the Dungeon)
 y - a wand of iceblast (45)
   (You found it on level 9 of the Dungeon)
 F - a wand of polymorph (20)
   (You found it on level 9 of the Dungeon)
 I - a wand of light (5)
   (You found it on level 1 of the Lair of Beasts)
 J - a wand of paralysis (23)
   (You found it on level 11 of the Dungeon)
 L - a wand of mindburst (19)
   (You found it on level 4 of the Lair of Beasts)
Scrolls
 l - 4 scrolls of immolation
 m - 4 scrolls of fog
 t - 14 scrolls of teleportation
 u - 6 scrolls of poison
 v - 3 scrolls of amnesia
 z - a scroll of magic mapping
 B - 4 scrolls of fear
 C - 7 scrolls of summoning
 N - 4 scrolls of torment
 Y - 10 scrolls of vulnerability
Potions
 a - a potion of magic
 d - 13 potions of might
 g - 2 potions of ambrosia
 j - 2 potions of lignification
 n - a potion of resistance
 o - 8 potions of flight
 q - 6 potions of curing
 s - 10 potions of attraction
 A - 4 potions of mutation
 D - 2 potions of cancellation
 E - 3 potions of invisibility
 M - 3 potions of berserk rage
 P - 4 potions of brilliance
Miscellaneous
 r - a condenser vane
   (You bought it in a shop on level 4 of the Snake Pit)
 G - a tin of tremorstones (2/2)
   (You found it on level 11 of the Dungeon)
 R - a phantom mirror (inert)
   (You found it in a Gauntlet)
 T - a box of beasts
   (You found it in the Desolation of Salt)
 U - a phial of floods
   (You found it on level 4 of the Snake Pit)


   Skills:
 - Level 15.0 Fighting
 - Level 15.0 Dodging
 - Level 8.0 Stealth
 - Level 18.0 Spellcasting
 + Level 21.3 Conjurations
 - Level 10.0 Hexes
 - Level 14.0 Summonings
 - Level 1.1 Transmutations
 + Level 21.3 Fire Magic
 - Level 1.0 Air Magic
 - Level 12.0 Earth Magic
 - Level 7.0 Poison Magic
 - Level 10.0 Evocations


You had one spell level left.
You knew the following spells:

 Your Spells              Type           Power      Damage    Failure   Level
a - Lehudib's Crystal Sp  Conj/Erth      41%        10d10     4%          8
b - Monstrous Menagerie   Summ           38%        N/A       5%          7
c - Fire Storm            Conj/Fire      47%        8d12      9%          9
d - Lee's Rapid Deconstr  Erth           36%        3d18*     1%          5
e - Fulminant Prism       Conj/Hex       40%        3d19      1%          4
f - Iskenderun's Mystic   Conj/Tloc      68%        2d14      1%          4
g - Ignite Poison         Fire/Tmut/Pois 65%        N/A       1%          3
h - Spellforged Servitor  Conj/Summ      43%        N/A       1%          7
i - Iron Shot             Conj/Erth      41%        9d8       1%          6
j - Summon Mana Viper     Hex/Summ       72%        N/A       1%          5

Your spell library contained the following spells:

 Spells                   Type           Power      Damage    Failure   Level
 Shatter                  Erth           36%        3d29*     96%         9
 Foxfire                  Conj/Fire      100%       2x1d9     0%          1
 Magic Dart               Conj           100%       1d8       0%          1
 Sandblast                Erth           100%       2d20      0%          1
 Shock                    Conj/Air       100%       1d9       0%          1
 Freeze                   Ice            92%        1d9       1%          1
 Kiss of Death            Conj/Necr      100%       2d13      1%          1
 Sting                    Tmut/Pois      100%       1d8       1%          1
 Call Imp                 Summ           77%        N/A       0%          2
 Searing Ray              Conj           100%       2d8       0%          2
 Dazzling Flash           Conj/Hex       100%       N/A       0%          3
 Stone Arrow              Conj/Erth      100%       3d13      0%          3
 Sticky Flame             Conj/Fire      94%        2d10      0%          4
 Fireball                 Conj/Fire      47%        3d19      0%          5
 Ensorcelled Hibernation  Hex/Ice        98%        N/A       1%          2
 Momentum Strike          Conj/Tloc      100%       3d10      1%          2
 Passwall                 Tmut/Erth      45%        N/A       1%          2
 Poisonous Vapours        Pois/Air       88%        N/A       1%          2
 Static Discharge         Conj/Air       100%       2-7/arc   1%          2
 Confusing Touch          Hex            66%        N/A       1%          3
 Frozen Ramparts          Ice            46%        1d7       1%          3
 Kindle Blastsparks       Fire/Tloc/Air  100%       2d18      1%          3
 Mephitic Cloud           Conj/Pois/Air  65%        N/A       1%          3
 Spider Form              Tmut/Pois      44%        N/A       1%          3
 Summon Guardian Golem    Hex/Summ       72%        N/A       1%          3
 Olgreb's Toxic Radiance  Pois           56%        N/A       1%          4
 Petrify                  Tmut/Erth      55%        N/A       1%          4
 Summon Ice Beast         Ice/Summ       56%        N/A       1%          4
 Summon Lightning Spire   Summ/Air       58%        N/A       1%          4
 Arcjolt                  Conj/Air       34%        1d44      1%          5
 Freezing Cloud           Conj/Ice/Air   29%        6-21      1%          5
 Plasma Beam              Fire/Air       34%        2x1d52    1%          5
 Starburst                Conj/Fire      47%        6d13      1%          6
 Ignition                 Fire           47%        3d13      1%          8
 Anguish                  Hex/Necr       24%        N/A       2%          4
 Blink                    Tloc           46%        N/A       3%          2
 Lesser Beckoning         Tloc           46%        N/A       3%          2
 Airstrike                Air            14%        2d(2-18)  3%          4
 Summon Forest            Summ/Tloc      28%        N/A       3%          5
 Swiftness                Air            28%        N/A       4%          3
 Vhi's Electric Charge    Tloc/Air       52%        N/A       4%          3
 Borgnjor's Vile Clutch   Necr/Erth      26%        N/A       4%          5
 Summon Hydra             Summ           38%        N/A       5%          7
 Gell's Gravitas          Tloc           23%        N/A       6%          3
 Ozocubu's Armour         Ice            23%        N/A       6%          3
 Teleport Other           Tloc           23%        N/A       6%          3
 Silence                  Hex/Air        25%        N/A       6%          5
 Metabolic Englaciation   Hex/Ice        24%        N/A       7%          5
 Ice Form                 Ice/Tmut       26%        N/A       16%         4
 Eringya's Noxious Bog    Tmut/Pois      22%        N/A       16%         6
 Animate Dead             Necr           23%        N/A       21%         4
 Dispel Undead            Necr           23%        3d12      21%         4
 Manifold Assault         Tloc           23%        N/A       21%         4
 Statue Form              Tmut/Erth      36%        N/A       22%         6
 Agony                    Necr           23%        N/A       50%         5
 Haunt                    Necr/Summ      28%        N/A       67%         7
 Dispersal                Tloc           11%        N/A       97%         6
 Simulacrum               Ice/Necr       11%        N/A       97%         6
 Disjunction              Tloc           11%        N/A       100%        8
 Infestation              Necr           11%        N/A       100%        8
 Maxwell's Capacitive Co  Air            14%        ∞         100%        8
 Polar Vortex             Ice            11%        N/A       100%        9


Dungeon Overview and Level Annotations

Branches:
Dungeon (15/15)            Temple (1/1) D:7            Lair (5/5) D:9
  Swamp (4/4) Lair:3        Snake (4/4) Lair:3        Slime (5/5) Lair:4
    Orc (2/2) D:12            Elf (0/3) Orc:2        Vaults (4/5) D:13
  Crypt (0/3) Vaults:3     Depths (4/4) D:15            Zot (5/5) Depths:4
 Bailey (visited)         Volcano (visited)         Desolation (visited)
Gauntlet (visited)

Altars:
Ashenzari
Cheibriados
Dithmenos
Elyvilon
Fedhas
Gozag
Hepliaklqana
Kikubaaqudgha
Makhleb
Nemelex Xobeh
Okawaru
Qazlal
Ru
Sif Muna
Trog
Uskayaw
Vehumet
Wu Jian
Xom
Yredelemnul
Zin
The Shining One
Jiyva

Shops:
Orc:2 *?(*   Snake:1 *   Snake:2 ((   Snake:4 *   Vaults:3 *?***

Portals:
Hell: Depths:1 Depths:2 Depths:3 Depths:4
Abyss: Depths:2 Depths:3
Pandemonium: Depths:1 Depths:2 Depths:3
Ziggurat: Depths:4
Trove: D:11 (give 8 potions of haste)

Annotations:
D:6 exclusion: ice beast
D:10 1 runed translucent door
Swamp:4 2 transporters, Qemahefa's ghost, adept GrFi
Depths:3 4 runed translucent doors
Zot:3 36 runed doors


Innate Abilities, Weirdness & Mutations

You have sharp claws.
You have razor-sharp teeth.
You have supernaturally acute eyesight. (SInv)
You cover ground quickly. (Speed+)
Your thick and shaggy fur keeps you warm. (AC +3, rC+)
Your paws help you pounce on unaware monsters.
You are incapable of wielding weapons or throwing items.
You cannot wear armour.
You gain extra lives every three experience levels.
You have a somewhat thin skeletal structure. (Dex +2, Stealth+)
You are agile. (Dex +4, Str/Int -1)
You sometimes lose your temper in combat.
You are very dopey. (Int -4)
Your flesh is heat resistant. (rF+)
You expend magic power (3 MP) to strengthen your wands.


Message History

You climb upwards.
There is a stone staircase leading down here.
There is a stone staircase leading up here.
You climb upwards.
There is a stone staircase leading down here.
There is a stone staircase leading up here.
You climb upwards.
There is a stone staircase leading down here.
There is a stone staircase leading up here.
You climb upwards.
Level annotation: 1 runed translucent door
There is a stone staircase leading down here.
There is an open door here.
There is a stone staircase leading up here.
You climb upwards.
There is a stone staircase leading down here.
There is an open door here.
There is a stone staircase leading up here.
You climb upwards.
There is a stone staircase leading down here.
A daeva comes into view.
It is wielding a +3 scimitar of holy wrath.
There is a stone staircase leading up here.
Unknown command.
You climb upwards.
There is a stone staircase leading down here.
(D) Dungeon (T) Temple (L) Lair (S) Swamp (P) Snake Pit (M) Slime Pits (O) Orcish Mines (E) Elven Halls (V) Vaults (C) Crypt (U) Depths (H) Hell (Z) Zot
Where to? (Enter - D:1 @ (x,y), ? - help)
You see here a +0 ring mail.
There is a stone staircase leading up here.
You climb upwards.
Level annotation: exclusion: ice beast
There is a stone staircase leading down here.
There is a stone staircase leading up here.
You climb upwards.
There is a stone staircase leading down here.
There is a stone staircase leading up here.
You climb upwards.
There is a stone staircase leading down here.
You see here a +0 club.
Things that are here:
a +0 pair of gloves; a +0 spear A rakshasa and an adder come into view.
The rakshasa moves out of view.
The adder hisses angrily.
There is a stone staircase leading up here.
You climb upwards.
There is a stone staircase leading down here.
(D) Dungeon (T) Temple (L) Lair (S) Swamp (P) Snake Pit (M) Slime Pits (O) Orcish Mines (E) Elven Halls (V) Vaults (C) Crypt (U) Depths (H) Hell (Z) Zot
Where to? (Enter - D:1 @ (x,y), ? - help)
Things that are here:
a +0 robe; a +0 dagger
There is a stone staircase leading up, spattered with blood here.
You climb upwards.
There is a stone staircase leading down here.
You see here a ball python skeleton.
Things that are here:
a +0 dagger; an adder skeleton You see here a +0 dagger.
There is an escape hatch in the ceiling here.
There is a stone staircase leading up here.
You climb upwards.
There is a stone staircase leading down here.
A sun demon comes into view.
Unknown command.
Casting: Lehudib's Crystal Spear (dangerous; 4% risk of failure)
Confirm with . or Enter, or press ? or * to list all spells.
Aiming: Lehudib's Crystal Spear (dangerous; 4% risk of failure)
Press: ? - help, Shift-Dir - straight line, f - sun demon
Aim: a sun demon (76% to hit)
The crystal spear hits the sun demon!!!
The sun demon is almost dead.
Casting: Lehudib's Crystal Spear (dangerous; 4% risk of failure)
Confirm with . or Enter, or press ? or * to list all spells.
Aiming: Lehudib's Crystal Spear (dangerous; 4% risk of failure)
Press: ? - help, Shift-Dir - straight line, f/p - sun demon
Aim: a sun demon (almost dead, 76% to hit)
The crystal spear misses the sun demon.
Casting: Lehudib's Crystal Spear (dangerous; 4% risk of failure)
Confirm with . or Enter, or press ? or * to list all spells.
Aiming: Lehudib's Crystal Spear (dangerous; 4% risk of failure)
Press: ? - help, Shift-Dir - straight line, f/p - sun demon
Aim: a sun demon (almost dead, 76% to hit)
The crystal spear hits the sun demon!!!
You kill the sun demon!
Vehumet accepts your kill.
(D) Dungeon (T) Temple (L) Lair (S) Swamp (P) Snake Pit (M) Slime Pits (O) Orcish Mines (E) Elven Halls (V) Vaults (C) Crypt (U) Depths (H) Hell (Z) Zot
Where to? (Enter - D:1 @ (x,y), ? - help)
There is a staircase leading out of the dungeon here.
Enter note: gg
Enter note: FUCK those deaths You have escaped!

##....# #.# ##.# #...........
##....# #.# #.######...........
......###.#####.....>............
##...............................
##....##....####.............#...
##..........####.....#.##....####
.#....#.....#.....#..#.##.#.##
......#♣♣♣♣♣♣♣♣♣♣##....#....#
##....♣♣.....♣#.@♣##......###
...##♣♣..........♣ #....###
#....♣....♣.♣...♣###......#
##.#.♣.....⌠.....♣#....##.##
##.#.♣....♣.♣....♣...####..#
#..#.♣♣.........♣♣#.)# ##.#
......♣♣.......♣♣....# #.#
...##..♣♣♣...♣♣♣.##..# #.##
#.###.## #...#...##.## #..#


There were no monsters in sight!

Vanquished Creatures
  the Royal Jelly (Slime:5)
  2 ancient liches
  10 orbs of fire
  A juggernaut (Depths:3)
  2 Killer Klowns
  5 golden dragons
  A curse toe (Zot:3)
  An electric golem (Zot:5)
  8 tentacled monstrosities
  A titan (Vaults:2)
  11 Orb Guardians (Zot:5)
  16 acid blobs
  7 quicksilver dragons
  An Executioner (Zot:5)
  10 death cobs
  3 draconian monks
  9 storm dragons
  A shadow dragon (Zot:5)
  5 rockslimes
  5 azure jellies
  2 fire giants
  3 vault wardens
  8 ghost moths
  3 draconian scorchers
  2 draconian knights (Zot:1)
  An orc warlord (Orc:1)
  10 draconian shifters
  2 draconian annihilators
  2 ironbound preservers
  2 draconian stormcallers (Zot:1)
  A curse skull (Vaults:3)
  8 very ugly things
  3 ironbound thunderhulks
  2 vampire knights
  6 stone giants
  14 quicksilver oozes
  10 black draconians
  8 green draconians
  An eleionoma (Swamp:4)
  8 yellow draconians
  A minotaur (Gauntlet)
  4 purple draconians
  A dire elephant (Vaults:3)
  4 red draconians
  4 white draconians
  6 spark wasps
  A crystal guardian (Desolation)
  A shambling mangrove (Swamp:4)
  2 ettins
  A yaktaur captain (Vaults:3)
  A jiangshi (Depths:1)
  3 great orbs of eyes
  A fire dragon (Depths:2)
  A ragged hierophant (Desolation)
  A deep elf high priest (Vaults:3)
  3 ice dragons
  A servant of whispers (Desolation)
  Erolcha (D:9)
  2 vault guards
  8 hydras
  A rakshasa (Depths:2)
  A ghost crab (Swamp:3)
  An anaconda (Snake:3)
  3 ironbound frosthearts
  2 catoblepae (Lair:5)
  3 peacekeepers
  A spriggan air mage (Depths:2)
  6 two-headed ogres
  Erica (D:11)
  4 centaur warriors
  An ogre mage (Vaults:1)
  3 boulder beetles (Depths:4)
  28 death yaks
  A death scarab (Gauntlet)
  5 deep troll shamans
  7 hell hogs (Depths:3)
  A vampire mage (Depths:1)
  3 spriggan berserkers
  3 deep troll earth magi (Depths:3)
  5 orc high priests (Orc:2)
  Urug (Orc:2)
  Nergalle (Lair:3)
  2 sun demons
  2 salamander mystics (Snake:3)
  An iron troll (Depths:3)
  3 goliath frogs (Swamp:4)
  A sixfirhy (Depths:2)
  A spectral death yak (Gauntlet)
  A death drake (Swamp:4)
  An orange crystal statue (Zot:5)
  A bog body (Lair:3)
  4 deep trolls
  3 glowing orange brains
  6 ironbound convokers
  A phantasmal warrior (Swamp:4)
  2 deep elf pyromancers (D:14)
  4 wizards
  2 necromancers
  A deep elf archer (D:13)
  A mana viper (shapeshifter) (D:15)
  9 orc knights
  2 spectral hydras
  2 orc sorcerers (Orc:2)
  2 large abominations (Gauntlet)
  2 cyclopes
  A shining eye (Slime:4)
  16 ugly things
  Maurice (D:10)
  A guardian serpent (Desolation)
  15 moths of wrath
  An ice statue (Vaults:1)
  A smoke demon (Depths:2)
  An eye of devastation (Slime:2)
  A molten gargoyle (Desolation)
  2 naga magi
  10 elephants
  12 cane toads
  Joseph (D:9)
  8 black mambas
  A kobold demonologist (D:9)
  An unseen horror (D:11)
  3 rime drakes
  A tormentor (Zot:2)
  11 komodo dragons
  A yaktaur (Vaults:4)
  An ice devil (Depths:3)
  A hydra zombie (Swamp:4)
  5 trolls
  A merfolk (shapeshifter) (Depths:3)
  2 bloated husks (Swamp:4)
  2 meliai (D:14)
  3 polar bears (Lair:5)
  8 saltlings (Desolation)
  4 hornets
  13 dream sheep
  5 blink frogs (Lair:3)
  12 slime creatures
  61 yaks
  A ynoxinul (Gauntlet)
  2 spriggans
  A wraith (D:11)
  3 wyverns
  2 water elementals (Depths:2)
  3 basilisks
  A steam dragon (D:7)
  19 humans (D:13)
  9 golden eyes
  2 vampire mosquitoes
  A chaos spawn (Depths:2)
  2 wargs (Orc:2)
  2 swamp worms
  7 nagas
  2 acid dragons (D:11)
  Duvessa (D:4)
  14 water moccasins
  A hydra simulacrum (Vaults:1)
  A sky beast (D:6)
  2 black bears
  43 orc warriors
  7 ogres
  32 wolves
  3 centaurs
  2 kobold brigands
  12 bullfrogs
  5 small abominations (Gauntlet)
  4 scorpions
  A gnoll sergeant (D:8)
  8 wights
  Dowan (D:4)
  12 killer bees
  6 howler monkeys
  6 electric eels
  3 jellies
  2 hounds (D:4)
  27 orc priests
  A gnoll bouda (D:5)
  2 iron imps (Gauntlet)
  Crazy Yiuf (D:5)
  5 iguanas
  4 hell rats (Lair:3)
  18 orc wizards
  A mummy (D:6)
  16 gnolls
  A naga simulacrum (Vaults:1)
  13 adders
  A shadow imp (D:6)
  A white imp (D:6)
  3 ufetubi
  4 worms
  4 dart slugs
  76 orcs
  7 ball pythons
  7 bats
  8 endoplasms
  6 giant cockroaches
  9 goblins
  10 hobgoblins
  8 jackals
  15 kobolds
  4 quokkas
  4 frilled lizards
  9 rats
  2 fulminant prisms (D:9)
1076 creatures vanquished.

Vanquished Creatures (collateral kills)
  A dread lich (Zot:5)
  An orb of fire (Zot:5)
  Mara (Snake:3)
  4 Killer Klowns
  8 golden dragons
  A bone dragon (Swamp:4)
  2 electric golems
  A hellephant (Depths:3)
  Mlioglotl (Snake:1)
  6 tentacled monstrosities
  14 Orb Guardians (Zot:5)
  A walking frostbound tome (Depths:3)
  5 quicksilver dragons
  3 death cobs
  A titan (Depths:2)
  8 acid blobs
  2 storm dragons
  Frances (Snake:1)
  A shadow dragon (Zot:3)
  A thorn hunter (Swamp:2)
  2 tengu reavers
  A sphinx (Vaults:3)
  Kirke (Swamp:1)
  13 rockslimes
  8 nagarajas
  6 azure jellies
  6 draconian monks
  4 fire giants
  2 frost giants
  3 draconian knights
  3 draconian scorchers
  12 vault wardens
  Aizul (Snake:1)
  Louise (Snake:3)
  An iron dragon (Depths:4)
  2 imperial myrmidons (Desolation)
  A reaper (Depths:2)
  3 draconian annihilators
  10 very ugly things
  13 ironbound preservers
  6 ironbound thunderhulks
  8 quicksilver oozes
  A vampire knight (Depths:1)
  8 stone giants
  5 green draconians
  2 eleionomae (Swamp:2)
  2 dire elephants
  A halazid warlock (Desolation)
  2 spark wasps
  6 purple draconians
  11 red draconians
  4 black draconians
  2 white draconians
  7 yellow draconians
  7 bunyips
  A jiangshi (Depths:1)
  2 ettins
  8 ragged hierophants (Desolation)
  8 fire dragons
  2 rakshasas
  2 crystal guardians (Desolation)
  2 yaktaur captains (Vaults:2)
  2 salamander tyrants
  9 servants of whispers (Desolation)
  5 ice dragons
  13 vault guards
  10 hydras
  3 great orbs of eyes
  2 spriggan air magi (Depths:2)
  A ghost crab (Swamp:4)
  A catoblepas (D:15)
  12 peacekeepers
  8 anacondas
  3 boulder beetles
  14 alligators
  5 deep troll earth magi
  6 centaur warriors
  A death knight (D:14)
  9 ironbound frosthearts
  2 tengu warriors
  A hell hog (Depths:3)
  14 naga warriors
  A death scarab (Gauntlet)
  5 deep troll shamans
  A spriggan berserker (Depths:4)
  18 naga sharpshooters
  A titan zombie (Vaults:1)
  A hell knight (Depths:4)
  A vampire mage (Vaults:3)
  6 shock serpents
  2 iron trolls
  5 goliath frogs
  4 salamander mystics
  A quicksilver dragon simulacrum (Depths:3)
  3 glowing orange brains
  10 bog bodies
  2 flayed ghosts
  6 spriggan druids
  4 spectral hydras
  A death drake (Swamp:4)
  4 phantasmal warriors
  A spriggan simulacrum (Depths:3)
  59 deep trolls
  6 naga ritualists
  11 ironbound convokers
  5 swamp dragons
  9 mana vipers
  4 lindwurms (Vaults:1)
  An orc knight (Vaults:1)
  4 necromancers
  An orb spider (shapeshifter) (Depths:2)
  A wizard (Vaults:1)
  A stone giant zombie (Vaults:1)
  21 ugly things
  14 salamanders
  18 moths of wrath
  2 will-o-the-wisps
  A sphinx zombie (Depths:3)
  3 shining eyes
  2 human skeletons
  2 cyclopes
  A fire giant skeleton (Vaults:4)
  11 naga magi
  An ice statue (Vaults:1)
  A water nymph (shapeshifter) (Depths:3)
  3 eyes of devastation
  24 black mambas
  3 guardian serpents
  2 guardian serpents (shapeshifter)
  12 vault sentinels
  2 rust devils
  A gargoyle (D:12)
  5 yaktaurs
  An efreet (D:14)
  An anaconda simulacrum (Vaults:1)
  5 swamp worm zombies (Swamp:4)
  3 spectral nagas (Snake:2)
  A meliai (D:14)
  13 tyrant leeches
  A tengu simulacrum (Depths:1)
  6 bloated husks
  3 hydra zombies (Swamp:4)
  49 saltlings (Desolation)
  A shadow dragon simulacrum (Depths:1)
  6 hornets
  3 spectral swamp dragons (Swamp:4)
  4 alligator zombies (Swamp:4)
  84 slime creatures
  A deep troll skeleton (Vaults:4)
  6 wraiths
  A water elemental (Depths:2)
  An ettin skeleton (Depths:1)
  5 spriggans
  An elf zombie (Vaults:1)
  4 golden eyes
  3 vampire mosquitoes (Swamp:3)
  A glowing shapeshifter zombie (Depths:3)
  13 swamp worms
  50 nagas
  2 orc warriors
  2 nameless horrors (Vaults:3)
  2 glowing shapeshifter skeletons
  3 swamp dragon zombies (Swamp:4)
  A meliai simulacrum (D:14)
  A swamp drake (Swamp:2)
  A fire dragon simulacrum (Vaults:1)
  6 phantoms (Swamp:4)
  4 human zombies (Vaults:1)
  An orc priest (Vaults:1)
  2 troll simulacra (Vaults:1)
  2 naga simulacra (Vaults:1)
  A swamp drake zombie (Swamp:4)
  3 orcs
980 creatures vanquished.

Vanquished Creatures (others)
  3 bloated husks
  5 humans (Swamp:1)
  A bush (Lair:5)
  77 fire vortices
  10 foxfires
  129 fulminant prisms
  37 fungi
  121 plants
  4 toadstools (D:10)
  5 withered plants
392 creatures vanquished.

Grand Total: 2448 creatures vanquished

Notes
Turn   | Place    | Note
-------+----------+-------------------------------------------
     0 | D:1      | Flugkiller the Felid Venom Mage began the quest for the
                  | Orb.
     0 | D:1      | Reached XP level 1. HP: 7/7 MP: 4/4
   222 | D:1      | Reached XP level 2. HP: 12/12 MP: 3/6
   271 | D:1      | Learned a level 2 spell: Poisonous Vapours
   324 | D:1      | Reached skill level 1 in Fighting
   774 | D:2      | Reached XP level 3. HP: 15/15 MP: 2/7
   998 | D:2      | Reached skill level 1 in Air Magic
  1687 | D:2      | Reached XP level 4. HP: 19/19 MP: 5/8
  1770 | D:2      | Learned a level 3 spell: Mephitic Cloud
  2245 | D:3      | Reached XP level 5. HP: 22/22 MP: 7/9
  2274 | D:3      | Reached skill level 1 in Evocations
  2409 | D:3      | Reached skill level 1 in Conjurations
  2734 | D:4      | Found an ancient bone altar of Kikubaaqudgha.
  2735 | D:4      | Found a blossoming altar of Fedhas.
  2980 | D:4      | Noticed Duvessa
  2985 | D:4      | Noticed Dowan
  3030 | D:4      | Killed Duvessa
  3031 | D:4      | Gained mutation: You are covered in thick fur. (AC +2)
                  | [Felid growth]
  3031 | D:4      | Reached XP level 6. HP: 26/26 MP: 9/11
  3057 | D:4      | Killed Dowan
  3117 | D:4      | You fall into a shaft and drop 3 floors!
  3147 | D:7      | Found a staircase to the Ecumenical Temple.
  3201 | Temple   | Entered the Ecumenical Temple
  3389 | Temple   | Became a worshipper of Vehumet
  3482 | D:6      | Noticed an ice beast
  3511 | D:5      | Entered Level 5 of the Dungeon
  3557 | D:5      | Reached skill level 5 in Dodging
  3557 | D:5      | Reached skill level 5 in Poison Magic
  3557 | D:5      | Reached XP level 7. HP: 30/30 MP: 12/12
  4290 | D:4      | Found a burning altar of Makhleb.
  4318 | D:4      | Learned a level 4 spell: Olgreb's Toxic Radiance
  4611 | D:5      | Reached XP level 8. HP: 26/33 MP: 11/13
  4710 | D:5      | Reached * piety under Vehumet
  4710 | D:5      | Offered knowledge of Sandblast by Vehumet.
  4981 | D:5      | Found a runed translucent door.
  4982 | D:5      | Noticed Crazy Yiuf
  5338 | D:5      | Killed Crazy Yiuf
  5414 | D:6      | Reached skill level 1 in Hexes
  5717 | D:6      | Found an opulent altar of Gozag.
  6022 | D:6      | Found a snail-covered altar of Cheibriados.
  6321 | D:6      | Learned a level 4 spell: Fulminant Prism
  6476 | D:7      | Reached XP level 9. HP: 31/36 MP: 10/16
  6543 | D:7      | Identified the amulet "Rain Ylo" {Acrobat Rampage rPois}
  6690 | D:7      | Offered knowledge of Shock by Vehumet.
  6744 | D:7      | Identified the ring of the Cicada {rN++ Str+9 Int+6 Dex-2}
  6846 | D:7      | Learned a level 1 spell: Shock
  6881 | D:7      | Reached skill level 5 in Hexes
  6930 | D:7      | Reached ** piety under Vehumet
  7019 | D:7      | Found a shadowy altar of Dithmenos.
  7020 | D:7      | Found a shimmering blue altar of Sif Muna.
  7333 | D:8      | Noticed a two-headed ogre
  7337 | D:8      | Identified the staff of fire "Kemoke" {rF+ MP-9 Str+5 Dex+3
                  | SInv}
  7400 | D:8      | Killed a two-headed ogre
  7401 | D:8      | Reached skill level 5 in Spellcasting
  7454 | D:8      | Reached skill level 5 in Conjurations
  7870 | D:8      | Noticed a death yak
  7879 | D:8      | Offered knowledge of Stone Arrow by Vehumet.
  7880 | D:8      | Reached XP level 10. HP: 40/40 MP: 12/20
  7961 | D:8      | Killed a death yak
  7969 | D:8      | Found a sacrificial altar of Ru.
  7992 | D:8      | Reached *** piety under Vehumet
  8072 | D:8      | Found an ornate altar of the Wu Jian Council.
  8300 | D:8      | Found a stormy altar of Qazlal.
  8420 | D:8      | Offered knowledge of Flame Wave by Vehumet.
  8652 | D:9      | Noticed a two-headed ogre
  8670 | D:9      | Killed a two-headed ogre
  8671 | D:9      | Reached skill level 5 in Stealth
  8671 | D:9      | Reached XP level 11. HP: 46/46 MP: 21/21
  8709 | D:9      | Noticed Erolcha
  8922 | D:9      | Found a flagged portal.
  8932 | Bailey   | Entered a bailey
  8939 | Bailey   | Reached **** piety under Vehumet
  8966 | Bailey   | Learned a level 3 spell: Ignite Poison
  8992 | Bailey   | Offered knowledge of Inner Flame by Vehumet.
  9044 | Bailey   | Noticed an orc knight
  9051 | Bailey   | Reached skill level 5 in Fighting
  9053 | Bailey   | Killed an orc knight
  9067 | Bailey   | Noticed an orc knight
  9077 | Bailey   | Killed an orc knight
  9079 | Bailey   | Noticed an orc knight
  9093 | Bailey   | Killed an orc knight
  9175 | D:9      | Noticed Joseph
  9390 | D:9      | Found a sparkling altar of Nemelex Xobeh.
  9426 | D:9      | Killed Erolcha
  9502 | D:9      | Found a staircase to the Lair.
  9734 | D:9      | Reached ***** piety under Vehumet
  9897 | D:9      | Killed Joseph
 10107 | D:9      | Noticed a two-headed ogre
 10122 | D:9      | Killed a two-headed ogre
 10356 | D:10     | Entered Level 10 of the Dungeon
 10364 | D:10     | Offered knowledge of Spellforged Servitor by Vehumet.
 10382 | D:9      | Learned a level 7 spell: Spellforged Servitor
 10428 | D:10     | Reached skill level 10 in Dodging
 10436 | D:10     | Found a bloodstained altar of Trog.
 10690 | D:10     | Found a hide-covered altar of Uskayaw.
 10814 | D:10     | Found a runed translucent door.
 11011 | D:10     | Noticed Maurice
 11028 | D:10     | Killed Maurice
 11029 | D:10     | Gained mutation: Your thick and shaggy fur keeps you warm.
                  | (AC +3, rC+) [Felid growth]
 11029 | D:10     | Reached XP level 12. HP: 52/52 MP: 14/25
 11145 | D:10     | Noticed a green very ugly thing
 11146 | D:10     | Noticed a white very ugly thing
 11146 | D:10     | Noticed a centaur warrior
 11146 | D:10     | Noticed a yaktaur captain
 11222 | D:11     | Found a portal to a secret trove of treasure.
 11707 | D:11     | Noticed a two-headed ogre
 11724 | D:11     | Killed a two-headed ogre
 11931 | D:11     | Noticed a two-headed ogre
 11937 | D:11     | Killed a two-headed ogre
 11938 | D:11     | Reached skill level 10 in Spellcasting
 11966 | D:11     | Noticed Erica
 11984 | D:11     | Killed Erica
 12266 | Lair:1   | Entered Level 1 of the Lair of Beasts
 12925 | Lair:1   | Learned a level 4 spell: Iskenderun's Mystic Blast
 13741 | Lair:2   | You fall into a shaft and drop 1 floor!
 13758 | Lair:3   | Reached XP level 13. HP: 47/57 MP: 21/28
 13774 | Lair:3   | Noticed Nergalle
 13777 | Lair:3   | Killed Nergalle
 13786 | Lair:3   | Reached skill level 10 in Conjurations
 13854 | Lair:3   | Offered knowledge of Ozocubu's Refrigeration by Vehumet.
 13857 | Lair:3   | Found a dark tunnel.
 13868 | Volcano  | Entered a volcano
 13904 | Lair:3   | Reached skill level 10 in Hexes
 14437 | Lair:3   | Found a staircase to the Snake Pit.
 14862 | Lair:3   | Found a staircase to the Swamp.
 15268 | Lair:4   | Found a viscous altar of Jiyva.
 15268 | Lair:4   | Found a staircase to the Slime Pits.
 16275 | Lair:5   | Entered Level 5 of the Lair of Beasts
 16280 | Lair:5   | Reached XP level 14. HP: 63/63 MP: 25/31
 16833 | Lair:5   | Reached ****** piety under Vehumet
 17203 | Lair:5   | Offered knowledge of Iron Shot by Vehumet.
 17227 | Lair:5   | Learned a level 6 spell: Iron Shot
 17292 | Lair:5   | Reached skill level 1 in Summonings
 18184 | Lair:2   | Learned a level 5 spell: Summon Mana Viper
 18401 | D:12     | Found a staircase to the Orcish Mines.
 18504 | D:12     | Found a gate leading to a gauntlet.
 18515 | Gauntlet | Entered a Gauntlet
 18515 | Gauntlet | Found a transporter.
 18522 | Gauntlet | Found a transporter.
 18524 | Gauntlet | Found a transporter.
 18535 | Gauntlet | Found a transporter.
 18538 | Gauntlet | Found a transporter.
 18547 | Gauntlet | Found a transporter.
 18566 | Gauntlet | Found a transporter.
 18573 | Gauntlet | Found a transporter.
 18577 | Gauntlet | Found a runed translucent door.
 18584 | Gauntlet | Found the +8 Wrath of Trog {antimagic, *Rage Rampage}
 18585 | Gauntlet | Found a transporter.
 18586 | Gauntlet | Found a runed translucent door.
 18593 | Gauntlet | Found a runed translucent door.
 18599 | Gauntlet | Found a transporter.
 18611 | Gauntlet | Found a transporter.
 18611 | Gauntlet | Found a transporter.
 18667 | Gauntlet | Found a transporter.
 18667 | Gauntlet | Found a transporter.
 18985 | Gauntlet | Identified the ring "Ohum" {rPois EV+5}
 19019 | Gauntlet | Reached XP level 15. HP: 66/66 MP: 22/34
 19032 | Gauntlet | Identified the +7 morningstar of Anaudev {freeze, Str+4}
 19610 | D:13     | Reached skill level 5 in Summonings
 19660 | D:13     | Found a gate to the Vaults.
 20198 | D:13     | Reached skill level 15 in Spellcasting
 20709 | D:14     | Offered knowledge of Yara's Violent Unravelling by Vehumet.
 21470 | D:15     | Entered Level 15 of the Dungeon
 22363 | D:15     | Found a staircase to the Depths.
 22471 | D:15     | Reached XP level 16. HP: 70/70 MP: 36/36
 22629 | Orc:1    | Entered Level 1 of the Orcish Mines
 22640 | Orc:1    | Reached skill level 10 in Summonings
 23018 | Orc:2    | Entered Level 2 of the Orcish Mines
 23018 | Orc:2    | Found a staircase to the Elven Halls.
 23022 | Orc:2    | Noticed Urug
 23029 | Orc:2    | Killed Urug
 23159 | Orc:2    | Offered knowledge of Starburst by Vehumet.
 23666 | Orc:2    | Found an iron altar of Okawaru.
 23918 | Orc:2    | Reached XP level 17. HP: 69/75 MP: 11/37
 24019 | Orc:2    | Found Uwui's Weapon Emporium.
 24019 | Orc:2    | Found Effaforaq's Assorted Antiques.
 24020 | Orc:2    | Found Veonapiz's Assorted Antiques.
 24020 | Orc:2    | Found Hieqis's Magic Scroll Shoppe.
 24031 | Orc:2    | Bought a wand of paralysis (5) for 396 gold pieces
 24273 | Snake:1  | Entered Level 1 of the Snake Pit
 24508 | Snake:1  | Offered knowledge of Iskenderun's Battlesphere by Vehumet.
 24529 | Snake:1  | Reached skill level 10 in Fighting
 24543 | Snake:1  | Noticed Aizul
 24659 | Snake:1  | Killed Aizul
 24761 | Snake:1  | Noticed Mlioglotl
 24776 | Snake:1  | Killed Mlioglotl
 24895 | Snake:1  | Found Rerphav's Assorted Antiques.
 25019 | Snake:1  | Reached skill level 5 in Evocations
 25439 | Snake:1  | Noticed Frances
 25452 | Snake:1  | Killed Frances
 26176 | Snake:2  | Found Jekkif's Antique Weapon Shoppe.
 26176 | Snake:2  | Found Pyleorphu's Antique Weapon Emporium.
 27402 | Snake:3  | Noticed Mara
 27404 | Snake:3  | Noticed Flugkiller's illusion
 27855 | Snake:3  | Noticed Louise
 28101 | Snake:3  | Killed Mara
 28101 | Snake:3  | Offered knowledge of Lehudib's Crystal Spear by Vehumet.
 28121 | Snake:2  | Learned a level 8 spell: Lehudib's Crystal Spear
 28295 | Snake:3  | Killed Louise
 28404 | Snake:3  | Reached skill level 1 in Earth Magic
 28582 | Snake:4  | Entered Level 4 of the Snake Pit
 28624 | Snake:4  | Found Rass's General Store.
 28653 | Snake:4  | Bought a condenser vane for 480 gold pieces
 28954 | Snake:4  | Reached XP level 18. HP: 47/80 MP: 36/38
 29514 | Snake:4  | Reached skill level 5 in Earth Magic
 30804 | Snake:4  | Reached skill level 10 in Evocations
 31161 | Snake:4  | Got a serpentine rune of Zot
 31528 | Swamp:1  | Entered Level 1 of the Swamp
 31532 | Swamp:1  | Offered knowledge of Fire Storm by Vehumet.
 31532 | Swamp:1  | Offered knowledge of Shatter by Vehumet.
 31532 | Swamp:1  | Offered knowledge of Maxwell's Capacitive Coupling by
                  | Vehumet.
 31600 | Swamp:1  | Noticed Kirke
 31608 | Swamp:1  | Killed Kirke
 32858 | Swamp:2  | Reached skill level 10 in Earth Magic
 33823 | Swamp:3  | Noticed a tentacled monstrosity
 33831 | Swamp:3  | Killed a tentacled monstrosity
 34044 | Swamp:4  | Entered Level 4 of the Swamp
 34089 | Swamp:4  | Reached XP level 19. HP: 79/84 MP: 30/39
 34694 | Swamp:4  | Found a transporter.
 34986 | Swamp:4  | Found a transporter.
 34990 | Swamp:4  | Noticed Qemahefa's ghost (adept GrFi)
 35446 | Vaults:1 | Entered Level 1 of the Vaults
 35468 | Vaults:1 | Learned a level 7 spell: Monstrous Menagerie
 37740 | Vaults:1 | Got Sif Muna's Quarto of the Tundra
 38048 | Vaults:2 | Found a crumbling gateway.
 38143 | Desolati | Entered the Desolation of Salt
 38599 | Desolati | Reached skill level 15 in Dodging
 38783 | Desolati | Reached XP level 20. HP: 55/92 MP: 10/41
 39105 | Desolati | Identified the ring "Pydivoro" {rF++ Will++ Str+6 Dex-2}
 39385 | Desolati | Identified the ring "Jix Imnia" {Fire Str+5 Int-2 Dex+3}
 39397 | Desolati | Identified the ring of Awe {rPois rC- Will+++ rCorr}
 39507 | Desolati | Identified the amulet of Ucusees {Reflect rF+ Will- SH+5
                  | SInv}
 39558 | Desolati | Identified the ring "Beziha" {Wiz Dex+3}
 40226 | Desolati | Identified the +5 scale mail of the Crushed Nightcaps
                  | {Will+}
 40232 | Desolati | Got the Omnibus of Leaden Formation
 40299 | Desolati | Identified the staff of conjuration "Ycveqo" {*Corrode
                  | rPois rC+ Stlth+}
 41270 | Vaults:2 | Reached skill level 1 in Fire Magic
 42714 | Vaults:3 | Found Zicafot's Assorted Antiques.
 42730 | Vaults:3 | Found Goboam's Magic Scroll Emporium.
 42917 | Vaults:3 | Found Cyhus's General Store.
 42924 | Vaults:3 | Bought a potion of heal wounds for 80 gold pieces
 43227 | Vaults:3 | Noticed a golden dragon
 43233 | Vaults:3 | Killed a golden dragon
 44088 | Vaults:3 | Found Mecvoo's Assorted Antiques.
 44347 | Vaults:3 | Found a staircase to the Crypt.
 44428 | Vaults:3 | Found Goadorolyol's Assorted Antiques.
 45162 | Vaults:3 | Reached XP level 21. HP: 82/99 MP: 2/43
 45386 | Vaults:4 | Reached skill level 5 in Fire Magic
 45876 | Vaults:4 | Reached skill level 15 in Conjurations
 46865 | Depths:1 | Entered Level 1 of the Depths
 46915 | Depths:1 | Found a gateway to Hell.
 47537 | Snake:4  | Bought a potion of magic for 96 gold pieces
 47635 | Snake:1  | Bought 2 potions of magic for 576 gold pieces
 48410 | Depths:1 | Found a one-way gate leading to the halls of Pandemonium.
 48596 | Depths:1 | Found a shadowy altar of Dithmenos.
 49207 | Depths:1 | Reached skill level 15 in Fighting
 50281 | Depths:2 | Found a white marble altar of Elyvilon.
 50715 | Depths:2 | Found a one-way gate to the infinite horrors of the Abyss.
 51860 | Depths:2 | Noticed a golden dragon
 51872 | Depths:2 | Killed a golden dragon
 52296 | Depths:2 | Found a one-way gate to the infinite horrors of the Abyss.
 52434 | Depths:2 | Found a white marble altar of Elyvilon.
 52987 | Depths:3 | Noticed a golden dragon
 53130 | Depths:3 | Killed a golden dragon
 53268 | Depths:3 | Found a runed translucent door.
 53295 | Depths:3 | Noticed a juggernaut
 53303 | Depths:3 | Killed a juggernaut
 53304 | Depths:3 | Reached XP level 22. HP: 97/105 MP: 11/45
 53428 | Depths:3 | Found a runed translucent door.
 53428 | Depths:3 | Found a runed translucent door.
 53428 | Depths:3 | Found a runed translucent door.
 53471 | Depths:3 | Got Wanilix's Reference Book on Erosion
 53684 | Depths:3 | Found a sacrificial altar of Ru.
 53984 | Depths:3 | Reached skill level 10 in Fire Magic
 55232 | Depths:4 | Entered Level 4 of the Depths
 55815 | Depths:4 | Noticed a golden dragon
 55825 | Depths:4 | Killed a golden dragon
 55904 | Depths:4 | Found a one-way gateway to a ziggurat.
 57110 | Depths:4 | Found a gate to the Realm of Zot.
 57262 | Depths:4 | Learned a level 9 spell: Fire Storm
 57697 | Slime:1  | Entered Level 1 of the Pits of Slime
 58521 | Slime:3  | You fall into a shaft and drop 1 floor!
 60417 | Slime:4  | Reached XP level 23. HP: 108/108 MP: 39/46
 60631 | Slime:5  | Entered Level 5 of the Pits of Slime
 60975 | Slime:5  | Noticed the Royal Jelly
 61459 | Slime:5  | Gained mutation: You are weak. (Str -2) [a shining eye]
 63129 | Slime:5  | Killed by an exploding rockslime... ignited by their inner
                  | flame
 63130 | Slime:5  | Reached XP level 22. HP: -2/105 MP: 12/45
 63149 | Slime:5  | Killed the Royal Jelly
 63299 | Slime:5  | Identified the staff of fire "Nimep" {rF+ Str-2 Dex+6}
 63453 | Slime:5  | Found the +12 glaive of Prune {freeze, Prune}
 63457 | Slime:5  | Identified the +1 leather armour of Laysac {Rampage *Slow
                  | rC+ Stlth+}
 63505 | Slime:5  | Got Efekk's Papyrus of Metamorphic Terra Firma
 63524 | Slime:5  | Got a slimy rune of Zot
 65419 | Swamp:4  | Got a decaying rune of Zot
 65917 | Zot:1    | Entered Level 1 of the Realm of Zot
 66616 | Zot:1    | Noticed a Killer Klown
 66636 | Zot:1    | Noticed a Killer Klown
 66862 | Zot:1    | Noticed an ancient lich
 66872 | Zot:1    | Killed an ancient lich
 66877 | Zot:1    | Killed a Killer Klown
 67247 | Zot:1    | Killed a Killer Klown
 68592 | Zot:1    | Reached skill level 15 in Fire Magic
 69302 | Vaults:3 | Bought a potion of haste for 440 gold pieces
 69946 | Zot:2    | Noticed a golden dragon
 69951 | Zot:2    | Killed a golden dragon
 69969 | Zot:1    | Killed from afar by a yellow draconian
 69970 | Zot:1    | Reached XP level 21. HP: -8/100 MP: 9/44
 70112 | Zot:1    | Reached XP level 22. HP: 105/105 MP: 16/45
 71348 | Zot:2    | Identified the +2 scale mail "Teos" {+Inv Str+4}
 71358 | Zot:2    | Noticed a golden dragon
 71359 | Zot:2    | Found the +10 dark maul {heavy}
 71370 | Zot:2    | Killed a golden dragon
 73643 | Zot:2    | Noticed a golden dragon
 73664 | Zot:2    | Killed a golden dragon
 75229 | Zot:3    | Noticed a Killer Klown
 75238 | Zot:3    | Killed a Killer Klown
 75753 | Zot:3    | Found a huge runed gate.
 75754 | Zot:3    | Found a huge runed gate.
 75754 | Zot:3    | Found a huge runed gate.
 75755 | Zot:3    | Found a huge runed gate.
 75755 | Zot:3    | Found a huge runed gate.
 75756 | Zot:3    | Found a huge runed gate.
 75756 | Zot:3    | Found a huge runed gate.
 75756 | Zot:3    | Found a huge runed gate.
 75756 | Zot:3    | Found a huge runed gate.
 75756 | Zot:3    | Found a huge runed gate.
 75757 | Zot:3    | Found a huge runed gate.
 75758 | Zot:3    | Found a huge runed gate.
 75759 | Zot:3    | Found a huge runed gate.
 75760 | Zot:3    | Found a huge runed gate.
 75761 | Zot:3    | Found a huge runed gate.
 75769 | Zot:3    | Found a huge runed gate.
 75769 | Zot:3    | Found a huge runed gate.
 75769 | Zot:3    | Found a huge runed gate.
 75769 | Zot:3    | Found a huge runed gate.
 75769 | Zot:3    | Found a huge runed gate.
 75770 | Zot:3    | Found a huge runed gate.
 75771 | Zot:3    | Found a huge runed gate.
 75772 | Zot:3    | Found a huge runed gate.
 75773 | Zot:3    | Found a huge runed gate.
 75858 | Zot:3    | Noticed a curse toe
 75892 | Zot:3    | Found a huge runed gate.
 76024 | Zot:3    | Found a huge runed gate.
 76024 | Zot:3    | Found a huge runed gate.
 76024 | Zot:3    | Found a huge runed gate.
 76024 | Zot:3    | Found a huge runed gate.
 76024 | Zot:3    | Found a huge runed gate.
 76025 | Zot:3    | Found a huge runed gate.
 76025 | Zot:3    | Found a huge runed gate.
 76027 | Zot:3    | Found a huge runed gate.
 76027 | Zot:3    | Found a huge runed gate.
 76029 | Zot:3    | Found a huge runed gate.
 76029 | Zot:3    | Noticed an orb of fire
 76035 | Zot:3    | Gained mutation: You are dopey. (Int -2) [an orb of fire]
 76040 | Zot:3    | Killed an orb of fire
 76994 | Zot:3    | Found a huge runed gate.
 77719 | Zot:3    | Killed a curse toe
 78197 | Zot:4    | Noticed a golden dragon
 78204 | Zot:4    | Noticed an orb of fire
 78206 | Zot:4    | Gained mutation: You are very dopey. (Int -4) [an orb of
                  | fire]
 78208 | Zot:4    | Killed a golden dragon
 78247 | Zot:4    | Killed an orb of fire
 78674 | Zot:4    | Noticed a golden dragon
 78710 | Zot:4    | Killed a golden dragon
 79119 | Zot:4    | Reached XP level 23. HP: 67/108 MP: 18/46
 79790 | Zot:5    | Entered Level 5 of the Realm of Zot
 82399 | Zot:4    | Lost mutation: You are very dopey. (Int -4) [potion of
                  | mutation]
 82399 | Zot:4    | Lost mutation: You are weak. (Str -2) [potion of mutation]
 82399 | Zot:4    | Gained mutation: You are vulnerable to cold. (rC-) [potion
                  | of mutation]
 82399 | Zot:4    | Gained mutation: You expend magic power (3 MP) to
                  | strengthen your wands. [potion of mutation]
 82400 | Zot:4    | Lost mutation: You expend magic power (3 MP) to strengthen
                  | your wands. [potion of mutation]
 82400 | Zot:4    | Lost mutation: You are vulnerable to cold. (rC-) [potion of
                  | mutation]
 82400 | Zot:4    | Lost mutation: You are dopey. (Int -2) [potion of mutation]
 82400 | Zot:4    | Gained mutation: Potions are less effective at restoring
                  | your health. [potion of mutation]
 82400 | Zot:4    | Gained mutation: You passively map a small area around you.
                  | [potion of mutation]
 82401 | Zot:4    | Lost mutation: Potions are less effective at restoring your
                  | health. [potion of mutation]
 82401 | Zot:4    | Lost mutation: You passively map a small area around you.
                  | [potion of mutation]
 82401 | Zot:4    | Gained mutation: You expend magic power (3 MP) to
                  | strengthen your wands. [potion of mutation]
 82401 | Zot:4    | Gained mutation: Your flesh is heat resistant. (rF+)
                  | [potion of mutation]
 82886 | Vaults:3 | Bought a potion of mutation for 312 gold pieces
 82886 | Vaults:3 | Bought 2 potions of heal wounds for 390 gold pieces
 82886 | Vaults:3 | Bought a potion of heal wounds for 195 gold pieces
 83416 | Zot:5    | Noticed an ancient lich
 83970 | Zot:5    | Noticed a dread lich
 83975 | Zot:5    | Killed a dread lich
 84725 | Zot:5    | Noticed an orb of fire
 84736 | Zot:5    | Killed an orb of fire
 84742 | Zot:5    | Noticed a Killer Klown
 84748 | Zot:5    | Killed a Killer Klown
 85026 | Zot:5    | Noticed a Killer Klown
 85039 | Zot:5    | Noticed an orb of fire
 85039 | Zot:5    | Killed a Killer Klown
 85047 | Zot:5    | Killed an orb of fire
 85264 | Zot:5    | Noticed an orb of fire
 85646 | Zot:5    | Noticed an orb of fire
 85652 | Zot:5    | Gained mutation: Your body sometimes deteriorates upon
                  | taking damage. [an orb of fire]
 85653 | Zot:5    | Gained mutation: You occasionally lose the ability to drink
                  | potions when taking damage. [an orb of fire]
 85654 | Zot:5    | Noticed an orb of fire
 85655 | Zot:5    | Gained mutation: Your magical capacity is low. (-10% MP)
                  | [an orb of fire]
 85662 | Zot:5    | Gained mutation: You are dopey. (Int -2) [an orb of fire]
 85665 | Zot:5    | Gained mutation: You sometimes lose your temper in combat.
                  | [an orb of fire]
 85671 | Zot:5    | Lost mutation: Your magical capacity is low. (-10% MP) [an
                  | orb of fire]
 85681 | Zot:5    | Killed an orb of fire
 85682 | Zot:5    | Killed an orb of fire
 85687 | Zot:5    | Noticed an orb of fire
 85696 | Zot:5    | Killed an orb of fire
 85698 | Zot:5    | Killed an orb of fire
 85907 | Zot:4    | Lost mutation: You occasionally lose the ability to drink
                  | potions when taking damage. [potion of mutation]
 85907 | Zot:4    | Lost mutation: Your body sometimes deteriorates upon taking
                  | damage. [potion of mutation]
 85907 | Zot:4    | Gained mutation: You have a somewhat thin skeletal
                  | structure. (Dex +2, Stealth+) [potion of mutation]
 85907 | Zot:4    | Gained mutation: You are agile. (Dex +4, Str/Int -1)
                  | [potion of mutation]
 86585 | Zot:5    | Noticed an orb of fire
 86596 | Zot:5    | Killed an orb of fire
 86977 | Zot:5    | Noticed an orb of fire
 86988 | Zot:5    | Noticed a Killer Klown
 86995 | Zot:5    | Killed a Killer Klown
 86997 | Zot:5    | Gained mutation: You are very dopey. (Int -4) [an orb of
                  | fire]
 87000 | Zot:5    | Killed an orb of fire
 87012 | Zot:5    | Noticed a curse toe
 87248 | Zot:5    | Learned a level 5 spell: Lee's Rapid Deconstruction
 88131 | Zot:5    | Killed an ancient lich
 88218 | Zot:5    | Noticed an orb of fire
 88222 | Zot:5    | Killed an orb of fire
 88334 | Zot:5    | Reached XP level 24. HP: 112/112 MP: 16/46
 88588 | Zot:5    | Got the Orb of Zot
 88738 | Depths:4 | Noticed Iradiqoh the pandemonium lord
 89208 | D:1      | gg
 89208 | D:1      | FUCK those deaths
 89209 | D:$      | Escaped with the Orb!

Illustrated notes

##....# #.# ##.# #...........
##....# #.# #.######...........
......###.#####.....>............
##...............................
##....##....####.............#...
##..........####.....#.##....####
.#....#.....#.....#..#.##.#.##
......#♣♣♣♣♣♣♣♣♣♣##....#....#
##....♣♣.....♣#.@♣##......###
...##♣♣..........♣ #....###
#....♣....♣.♣...♣###......#
##.#.♣.....⌠.....♣#....##.##
##.#.♣....♣.♣....♣...####..#
#..#.♣♣.........♣♣#.)# ##.#
......♣♣.......♣♣....# #.#
...##..♣♣♣...♣♣♣.##..# #.##
#.###.## #...#...##.## #..#


Turn 89208 on D:1: gg

Levels and vault maps discovered:
D:1:      amcnicky_arrival_underground_garden, layout_rooms
D:2:      layout_basic, serial_glass, glass_columns_a, glass_columns_c
D:3:      layout_loops_cross, serial_glass, glass_columns_a, glass_columns_b,
          dk_noncrumbling_4
D:4:      layout_loops_ring, grunt_temple_overflow_growth_and_decay,
          makhleb_heckhound_becter, kennysheep_generic_room_8, uniq_duvessa
D:5:      layout_loops_ring, uniq_crazy_yiuf_cottage
D:6:      layout_loops_cross, slow_altar_2, mainiacjoe_overflow_cross_hatched
D:7:      layout_cave_pools, gammafunk_temple_overflow_statue,
          minmay_temple_entry_stoned_glass, serial_column_ruins,
          column_ruins_hut, column_ruins_hut, column_ruins_open_tiny,
          column_ruins_open_small_water, column_ruins_open_tiny,
          column_ruins_open_large, column_ruins_grid_1, column_ruins_grid_1,
          column_ruins_columns_straight, minivault_27
D:8:      argonaut_augean_stables, layout_basic,
          mainiacjoe_overflow_surrounded_room, nzn_wu_jian_contemplation,
          nicolae_qazlal_general_emergency, amcnicky_mini_pool_small,
          minmay_radiant
D:9:      layout_loops_corners, nemelex_diamond_rough_becter,
          hellmonk_lair_entry_icy, enter_bailey_5, kennysheep_pointless_box,
          uniq_joseph, uniq_erolcha
D:10:     layout_roguey, tgw_trog, nicolae_uskayaw_murder_on_the_dancefloor,
          eino_curves_01, minmay_gold_behind_fungi, minivault_13, uniq_maurice
D:11:     layout_loops_corners, nicolae_trove_entry_free_sample, uniq_erica
D:12:     layout_loops_ring, orc_0_dummy, gauntlet_entry_generic
D:13:     layout_long_grid, grunt_vaults_entry_tiered
D:14:     layout_rooms, minivault_5
D:15:     gammafunk_enter_depths_forms, layout_loops_ring, chequers_jeans
Temple:   nicolae_temple_bog_church
Lair:1:   layout_gridlike, serial_forest, infiniplex_forest_lined_2,
          infiniplex_forest_diagonal, infiniplex_forest_clump_medium,
          infiniplex_forest_lined_2, infiniplex_forest_end_3,
          infiniplex_forest_clump_small, infiniplex_forest_lined_2,
          serial_bayou_shore_b
Lair:2:   layout_cave_pods, nicolae_lair_grove_arrangements,
          chequers_serial_rivers_small_a
Lair:3:   layout_gridlike, nicolae_swamp_entry_splash_gauntlet,
          minmay_snake_entry_guardpost_small, nicolae_volcano_entry_hallway,
          disabler_island, grunt_megastairs_4, uniq_nergalle
Lair:4:   layout_layer_cave, dpeg_slime_entry_enclosed, grunt_megastairs_5,
          serial_bayou_shore_a
Lair:5:   grunt_lair_end_beastmaster, layout_cave_shapes
Swamp:1:  layout_basic_swamp, hangedman_swamp_ruin_wall, uniq_kirke
Swamp:2:  layout_basic_swamp, nicolae_swamp_small_spring,
          nicolae_swamp_bean_lake
Swamp:3:  layout_basic_swamp, nicolae_swamp_tree_isthmus
Swamp:4:  swamp_pestilence, layout_basic_swamp,
          gammafunk_ghost_berserking_beasts, nicolae_swamp_super_fun_site
Snake:1:  layout_concentric_octagons, serial_shops, nicolae_diamond_shop,
          grunt_megastairs_2, uniq_mlioglotl, uniq_aizul, uniq_frances
Snake:2:  layout_grid_maze, nicolae_snake_ghostly_warrior_ritual,
          nicolae_triple_integral, minmay_shoptagon
Snake:3:  layout_onion, uniq_louise, uniq_mara
Snake:4:  minmay_snake_end_coiled, layout_layer_cave, serial_shops, shop_statue
Slime:1:  layout_caves
Slime:2:  layout_caves, nicolae_slime_rock_hall_of_fame
Slime:3:  layout_caves
Slime:4:  cheibrodos_slime_lost_civilization_2, layout_caves,
          nicolae_slime_round_cave
Slime:5
Orc:1:    layout_caves
Orc:2:    st_orc_pillars, layout_caves, basic_altar, david_defended_altar_orc,
          uniq_urug
Vaults:1: nicolae_vaults_big_ls, nicolae_vaults_diagonal_hallway_6,
          nicolae_vaults_angled_halls, vaults_room_semicircle,
          hangedman_vaults_maws, nicolae_vaults_alarming,
          hangedman_vaults_stagger, vaults_room_semicircle, v_misc_27,
          nicolae_vaults_little_squares_3, vaults_room_semicircle,
          ontoclasm_vaults_shuriken, vaults_dpeg_ring, nicolae_vaults_murderbox,
          nicolae_vaults_mini_display_case, vaults_dpeg_emergency_exit,
          layout_vaults_ring, serial_hangedman_research,
          hangedman_research_thermodynamics
Vaults:2: portal_desolation_entry_twin_temple, vaults_mumra_lcd,
          vaults_standard_mumra_lines, ontoclasm_vaults_twist,
          vaults_room_ringed_pool, vaults_room_door_ring,
          nicolae_vaults_ring_of_whatevers, nicolae_vaults_asterisk,
          vaults_room_pools, vaults_room_fours, layout_vaults_big_room
Vaults:3: v_misc_2, v_misc_33, ontoclasm_vaults_claustrophobia,
          nicolae_vaults_puzzle_piece, vaults_room_guarded_vault, v_misc_17,
          minmay_crypt_entry_simple_box, grunt_vaults_hallway_long,
          vaults_room_fours, v_misc_15, vaults_room_door_ring,
          ontoclasm_vaults_ligature, layout_vaults_omnicross, serial_shops,
          shop, nicolae_shop_behind_doors, shop, shop, shop
Vaults:4: nicolae_vaults_display_case, v_misc_30, nicolae_vaults_what_the_h,
          nicolae_vaults_border_crossing, hangedman_vaults_hat, v_misc_13,
          vaults_room_stairs_pillars, vaults_room_boxed, hangedman_vaults_snaps,
          nicolae_vaults_little_ls, vaults_room_octagon,
          nicolae_vaults_little_squares_1, vaults_room_pool,
          layout_vaults_omnibox
Depths:1: layout_twisted_cross, grunt_pan_entry_spiral, serial_rivers,
          chequers_serial_rivers_room_b, chequers_serial_rivers_large_b,
          chequers_serial_rivers_large_a, chequers_serial_rivers_small_b,
          chequers_serial_rivers_micro_c, hell_entry,
          hangedman_abyss_or_decor_slice,
          nicolae_dithmenos_through_a_glass_darkly
Depths:2: thingy_vault, layout_gridlike, rand_demon_pan_entry_4, pf_coc_iceberg,
          abyss_entry, minmay_strange_pillars, nicolae_elyvilon_temple_path,
          firewood_loft, infiniplex_staircase_split_hallway
Depths:3: impenetrable_vault, layout_cave_pools,
          nicolae_ru_the_path_less_chosen, abyss_entry_crystal,
          grunt_hell_horde, pan_entry
Depths:4: grunt_zot_entry_bicorn, layout_honeycomb, enter_ziggurat_b,
          pf_hell_entry_tar_spiral, minmay_misc_feat_chi,
          hangedman_stitches_earthworm
Zot:1:    ebering_klown_carousel, layout_onion_interference
Zot:2:    layout_concentric_octagons, st_large_dragon_hoard_1
Zot:3:    layout_gridlike, not_door_vault_mu, grunt_ministairs_3,
          zot_minivault_5
Zot:4:    layout_cathedral_of_symmetry
Zot:5:    layout_cellular_growth

Skill      XL: |  1  2  3  4  5  6  7  8  9 10 11 12 13 14 15 16 17 18 19 20 21 22 23 |
---------------+----------------------------------------------------------------------+-----
Stealth        | 3 4 5 8 |  8.0
Fighting       | 1 2 4 6 7 8 9 10 12 14 15 | 15.0
Poison Magic   | 3 4 5 7 |  7.0
Air Magic      | 1 |  1.0
Dodging        | 3 5 7 10 11 12 15 | 15.0
Evocations     | 2 4 8 10 | 10.0
Conjurations   | 1 2 6 9 11 12 13 14 16 21 | 21.3
Spellcasting   | 3 4 6 8 10 12 14 15 16 17 18 | 18.0
Hexes          | 4 7 9 10 | 10.0
Summonings     | 4 9 10 14 | 14.0
Earth Magic    | 3 11 12 | 12.0
Fire Magic     | 4 9 18 21 | 21.3
Transmutations | |  1.1

Action                     |  1- 3 |  4- 6 |  7- 9 | 10-12 | 13-15 | 16-18 | 19-21 | 22-24 || total
---------------------------+-------+-------+-------+-------+-------+-------+-------+-------++-------
  Melee: Unarmed           |     8 |     3 |    14 |    16 |    21 |    15 |    28 |    48 ||   153
         Bite              |       |       |     3 |     4 |     6 |     2 |     6 |    10 ||    31
         Punch             |       |       |       |       |       |     1 |     1 |       ||     2
   Cast: Sting             |    85 |    96 |   211 |    15 |       |       |       |       ||   407
         Poisonous Vapours |       |    24 |   113 |    32 |    13 |     1 |       |       ||   183
         Mephitic Cloud    |       |       |     5 |     3 |       |       |       |       ||     8
         Shock             |       |       |    24 |     3 |       |       |       |       ||    27
         Olgreb's Toxic Ra |       |       |     7 |   169 |   229 |    75 |       |       ||   480
         Fulminant Prism   |       |       |       |    62 |    63 |       |     4 |     2 ||   131
         Ignite Poison     |       |       |       |    22 |    74 |    29 |     1 |       ||   126
         Iskenderun's Myst |       |       |       |     4 |    85 |    32 |    48 |    51 ||   220
         Spellforged Servi |       |       |       |       |    24 |   171 |   215 |   237 ||   647
         Iron Shot         |       |       |       |       |     4 |    12 |   125 |   100 ||   241
         Summon Mana Viper |       |       |       |       |     3 |    62 |     3 |     1 ||    69
         Monstrous Menager |       |       |       |       |       |       |     8 |     4 ||    12
         Lehudib's Crystal |       |       |       |       |       |       |    48 |   279 ||   327
         Fire Storm        |       |       |       |       |       |       |       |    67 ||    67
         Lee's Rapid Decon |       |       |       |       |       |       |       |     2 ||     2
  Evoke: Wand              |       |       |     4 |     1 |     6 |       |     7 |    53 ||    71
         Tin of tremorston |       |       |       |       |     1 |       |       |     3 ||     4
         Condenser vane    |       |       |       |       |       |       |     1 |     1 ||     2
         Phial of floods   |       |       |       |       |       |       |     1 |       ||     1
         Box of beasts     |       |       |       |       |       |       |       |     1 ||     1
         Phantom mirror    |       |       |       |       |       |       |       |     1 ||     1
    Use: Scroll            |       |     5 |     4 |     7 |    13 |     4 |    11 |    27 ||    71
         Potion            |       |       |     5 |     2 |     3 |     2 |     6 |    52 ||    70
   Stab: Confused          |       |       |     2 |       |       |       |       |       ||     2
         Sleeping          |       |       |       |     1 |       |       |       |       ||     1
         Distracted        |       |       |       |       |     1 |       |       |     1 ||     2
         Paralysed         |       |       |       |       |       |       |       |    15 ||    15
 Armour: Skin              |     2 |     3 |     4 |     5 |     1 |     2 |     9 |     6 ||    32
  Dodge: Dodged            |    42 |    58 |   158 |   102 |   162 |   261 |   329 |   551 ||  1663

Table legend: (Time is in decaauts)
 A = Elapsed time spent in this place.
 B = Non-inter-level travel time spent in this place.
 C = Inter-level travel time spent in this place.
 D = Time resting spent in this place.
 E = Time spent auto-exploring this place.
 F = Levels seen in this place.
 G = Mean time per level.
                   A        B        C        D        E       F      G
               +--------+--------+--------+--------+--------+-----+--------+
         Total |  79470 |  72622 |   6848 |  29168 |  26436 |  53 | 1499.4 |
       Dungeon |  16182 |  13427 |   2755 |   2846 |   6702 |  15 | 1078.8 |
        Temple |    165 |    150 |     15 |      0 |    137 |   1 |  165.0 |
          Lair |   6017 |   5183 |    834 |   1040 |   2802 |   5 | 1203.4 |
         Swamp |   4534 |   4269 |    265 |   1574 |   1401 |   4 | 1133.5 |
     Snake Pit |   6624 |   6249 |    375 |   2287 |   2174 |   4 | 1656.0 |
    Slime Pits |   5246 |   5044 |    202 |   2984 |    836 |   5 | 1049.2 |
  Orcish Mines |   1126 |   1045 |     81 |    215 |    547 |   2 |  563.0 |
        Vaults |   8027 |   7401 |    626 |   3362 |   2408 |   4 | 2006.8 |
        Depths |  10027 |   9001 |   1026 |   4590 |   2739 |   4 | 2506.8 |
           Zot |  18321 |  17656 |    665 |   9096 |   5647 |   5 | 3664.2 |
        Bailey |    186 |    186 |      0 |     29 |     31 |   1 |  186.0 |
       Volcano |     31 |     31 |      0 |     20 |      0 |   1 |   31.0 |
    Desolation |   2462 |   2462 |      0 |    992 |    801 |   1 | 2462.0 |
      Gauntlet |    516 |    516 |      0 |    129 |    205 |   1 |  516.0 |
               +--------+--------+--------+--------+--------+-----+--------+

Top non-repeatable levels by time:
   Zot:5: 5329 daAuts
   Zot:1: 4583 daAuts
   Zot:4: 3329 daAuts
Depths:2: 3121 daAuts
Depths:4: 2927 daAuts
   Zot:3: 2926 daAuts
Vaults:1: 2542 daAuts
 Slime:4: 2538 daAuts
Desolation: 2462 daAuts
 Snake:4: 2306 daAuts
    D:15: 2153 daAuts
   Zot:2: 2152 daAuts
Depths:1: 2085 daAuts
Vaults:2: 2050 daAuts
 Swamp:4: 1920 daAuts
